Unix NetHack Version 5.0.0-0 post-release - last build May 17 2026 04:57:42 (dc50c8380fa5e20985bfe3072449f57b8d9895ef,branch:main).

Game began 2026-05-18 17:51:39, ended 2026-05-20 15:41:47.

Hekik, lawful female human Valkyrie

                          --------------------------
                          |>......^.............[..|
                          |.......----------------.|
                          -------.------         |.|
                           |.0....(....|         |.|
                           |.0........(|         |.|
                          --------.----|         |.|
                          |............|         |.|
                          |............|         |.|
                          -----.--------   ------|`|
                           |..........|  --|e.$aP|.|
                           |..........|  |.+$F#ej|.|
                           |.........--  |-|$$$Md|.|
                          -------.----   |.+r$Y:Y%.|
                          |........|     |-|q:gC.|--
                          |........|     |.+0$@@.|
                          |...------     --|qhT0:|
                          -----            -------
Hekik the Fighter           St:15 Dx:15 Co:17 In:7 Wi:9 Ch:9  Lawful
Dlvl:4  $:109 HP:0(90) Pw:21(21) AC:-2 Xp:9/4202 T:9942  Conf

Latest messages:
 The freezing sphere wakes up.
 The dwarf mummy strikes at thin air!
 The troll drinks a brown potion!
 The troll is suddenly moving faster.
 The Green-elf wields an elven bow!
 The gargoyle misses the mountain centaur.
 The gargoyle misses the mountain centaur.
 The gargoyle misses the mountain centaur.
 It hits!
 The sergeant wields a flail!
 The mountain centaur hits!
 The mountain centaur kicks!
 The mountain centaur misses!
 The dwarf mummy picks up 22 gold pieces.
 The troll drinks a milky potion!
 The troll looks completely healed.
 The Green-elf wields an elven short sword!
 The lizard bites!
 The mountain centaur hits!
 The mountain centaur kicks!
 The mountain centaur kicks again!
 It hits!
 The sergeant swings her flail.
 The sergeant hits!
 The mountain centaur hits!
 The mountain centaur kicks!
 The mountain centaur misses!
 The ape hits!
 The ape hits again!
 The ape misses!
 The troll hurls a dark potion!
 The dark potion misses the sergeant.
 The flagon crashes on your head and breaks into shards.
 The dark potion evaporates.
 You feel somewhat dizzy.
 The Green-elf wields an elven bow!
 The mountain centaur hits!
 The mountain centaur just misses!
 The mountain centaur kicks!
 The troll wields a hilted polearm!
 The iguana attacks a spot beside you.
 It hits!
 The sergeant swings her flail.
 The sergeant hits!
 You die...
 Do you want your possessions identified? [ynq] (y)
 Do you want to see your attributes? [ynq] (y)
 Do you want an account of creatures vanquished? [ynaq] (y)
 Do you want to see your conduct and achievements? [ynq] (y)
 Do you want to see the dungeon overview? [ynq] (y)

Inventory:
 Coins    ('$')
  $ - 109 gold pieces
 Weapons  (')')
  a - 4 uncursed +0 daggers (at the ready)
  I - the uncursed rustproof +1 Mjollnir (weapon in right hand)
 Armor    ('[')
  B - a blessed very rusty +0 dwarvish iron helm (being worn)
  M - an uncursed +0 pair of jumping boots (being worn)
  c - a blessed rotted +3 small shield (being worn)
  T - an uncursed +0 elven cloak (being worn)
  j - an uncursed +1 splint mail (being worn)
 Comestibles  ('%')
  v - an uncursed food ration
  Z - 2 uncursed tripe rations
  t - an uncursed lizard corpse
 Scrolls  ('?')
  K - a blessed scroll of teleportation
 Potions  ('!')
  U - an uncursed potion of blindness
  x - a blessed potion of fruit juice
  f - 2 uncursed potions of healing
 Rings    ('=')
  A - a cursed -1 ring of increase damage
  i - an uncursed ring of invisibility (on left hand)
  V - an uncursed ring of stealth (on right hand)
 Wands    ('/')
  Q - an uncursed wand of cancellation (0:2)
  y - an uncursed wand of digging (0:2)
  g - an uncursed wand of make invisible (0:3)
  w - an uncursed wand of opening (0:5)
  C - an uncursed wand of secret door detection (0:11)
  p - an uncursed wand of sleep (0:1)
  H - an uncursed wand of speed monster (0:5)
  z - an uncursed wand of striking (0:5)
  O - an uncursed wand of teleportation (0:3)
 Tools    ('(')
  q - an uncursed blindfold named uncursed
  o - an uncursed leash
  u - a cursed skeleton key

Hekik the Valkyrie's attributes:

Background:
 You were a Fighter, a level 9 human Valkyrie.
 You were lawful, on a mission for Tyr
 who was opposed by Odin (neutral) and Loki (chaotic).
 You were right-handed.
 You were in Sokoban, on level 4.
 You entered the dungeon 9942 turns ago.
 You had 4202 experience points, 918 more were needed to attain level 10.

Basics:
 You had 0 out of 90 hit points.
 You had all 21 energy points (spell power).
 Your armor class was -2.
 Your wallet contained 109 zorkmids.
 Autopickup was off.

Final Characteristics:
 Your strength was 15 (peak:18/03, limit:18/100).
 Your dexterity was 15 (limit:18).
 Your constitution was 17 (limit:18).
 Your intelligence was 7 (limit:18).
 Your wisdom was 9 (peak:10, limit:18).
 Your charisma was 9 (limit:18).

Final Status:
 You were confused.
 You weren't hungry.
 You were unencumbered.
 You were wielding a hammer.
 You were skilled in hammer.

Final Attributes:
 You were piously aligned.
 You were cold resistant.
 You were poison resistant.
 You were telepathic.
 You were invisible.
 You were stealthy.
 You could jump.
 You were warded.
 Your spell casting was impaired by metallic armor.
 You are dead.

Miscellaneous:
 You didn't encounter any bones levels.
 Total elapsed playing time was 5 hours, 34 minutes and 57 seconds.

Major events:
 Turn
    1: Hekik the lawful human Valkyrie entered the dungeon
  957: entered the Gnomish Mines
  988: attained the rank of Skirmisher (level 3)
 2364: attained the rank of Fighter (level 6)
 2731: reached Mine Town
 4962: was bestowed with Mjollnir by Tyr
 6141: consulted the Oracle
 6578: entered Sokoban
 7473: completed 1st Sokoban level
 7795: completed 2nd Sokoban level
 8392: completed 3rd Sokoban level
 9852: completed 4th Sokoban level
 9942: killed by a sergeant, while frozen by a potion

Spells:
 Name                 Level Category     Fail Retention
 stone to flesh         3   healing      100%   51%-75%

Skills:
 Fighting Skills
   bare handed combat [Unskilled]
   two weapon combat  [Unskilled]
   riding             [Unskilled]
 Weapon Skills
   dagger             [Basic]
   axe                [Unskilled]
   pick-axe           [Unskilled]
   short sword        [Unskilled]
   broadsword         [Unskilled]
   long sword         [Unskilled]
   two-handed sword   [Unskilled]
   saber              [Unskilled]
   hammer             [Skilled]
   quarterstaff       [Unskilled]
   polearms           [Unskilled]
   spear              [Expert]
   trident            [Unskilled]
   lance              [Unskilled]
   sling              [Unskilled]
 Spellcasting Skills
   attack spells      [Unskilled]
   escape spells      [Unskilled]

Voluntary challenges:
 Character rerolling was not enabled.
 You never genocided any monsters.
 You never polymorphed an object.
 You never changed form.
 You used no wishes.
 You did not violate any of the special Sokoban rules.
Achievements:
 You entered a shop.
 You entered the Gnomish Mines.
 You attained the rank of Skirmisher.
 You attained the rank of Fighter.
 You entered Minetown.
 You entered a temple.
 You consulted the Oracle of Delphi.
 You entered Sokoban.

 The Dungeons of Doom: levels 1 to 9
    Level 1:
       An altar.
    Level 2:
       A general store, a fountain.
       Stairs down to The Gnomish Mines.
    Level 3:
    Level 4:
       Many fountains.
    Level 5:
       A fountain.
    Level 6:
       An altar to Tyr, a fountain.
    Level 7:
       Many fountains.
       Oracle of Delphi.
    Level 8: "Stash south"
       A fountain.
       Stairs up to Sokoban, level 7.
    Level 9:
 The Gnomish Mines: levels 3 to 7
    Level 3:
    Level 4:
    Level 5:
    Level 6:
       Many shops, a temple and an altar, some fountains.
    Level 7:
 Sokoban: levels 7 up to 4
    Level 4: <- You were here.
       Solved.
       Final resting place for
          you, killed by a sergeant, while frozen by a potion.
    Level 5:
       Solved.
    Level 6:
       Solved.
    Level 7:
       Solved.


Vanquished creatures:
  a flesh golem
  2 stalkers
  a small mimic
  a large dog
  a freezing sphere
  a tiger
  a gargoyle
  a human mummy
  a Grey-elf
 an amorous demon
  6 giant beetles
  a quivering blob
  3 cockatrices
  3 wolves
  2 lynxes
  a spotted jelly
  4 leprechauns
  a giant spider
  2 black lights
  a gnome ruler
  3 brown puddings
  a rust monster
 an owlbear
  a gold golem
  2 lizards
  2 dingoes
  a dog
  a dust vortex
  2 ravens
  a plains centaur
  a snake
  2 apes
  2 Woodland-elves
  a bugbear
  2 wood nymphs
  a mountain nymph
  2 Mordor orcs
 an Uruk-hai
  3 rock piercers
  a rock mole
  a pony
  2 yellow lights
  2 violet fungi
  7 gnome leaders
  4 gnomish wizards
  2 kobold mummies
  a black naga hatchling
  3 gray oozes
  a ghoul
  a straw golem
  2 giant ants
  2 little dogs
  2 floating eyes
  2 kittens
  9 dwarves
  a homunculus
 41 hill orcs
  7 rothes
  3 giant bats
  3 monkeys
  8 dwarf zombies
  a wererat
  4 iguanas
  3 acid blobs
  3 hobbits
  2 manes
  3 giant rats
  a cave spider
  2 yellow molds
 34 gnomes
  3 garter snakes
  a gnome zombie
  3 geckos
  7 jackals
  a fox
  a kobold
  4 sewer rats
  5 grid bugs
  3 lichens
  2 kobold zombies
  7 newts
260 creatures vanquished.

No species were genocided or became extinct.

Game over:
                       ----------
                      /          \
                     /    REST    \
                    /      IN      \
                   /     PEACE      \
                  /                  \
                  |      Hekik       |
                  |      109 Au      |
                  |   killed by a    |
                  |     sergeant     |
                  |                  |
                  |                  |
                  |       2026       |
                 *|     *  *  *      | *
        _________)/\\_//(\/(/\)/\//\/|_)_______

Farvel Hekik the Valkyrie...

You died in Sokoban on dungeon level 4 with 17405 points,
and 109 pieces of gold, after 9942 moves.
You were level 9 with a maximum of 90 hit points when you died.

